 Dungeon Crawl Stone Soup version 0.28-a0-128-gcbb86046cc (webtiles) character file.

Game seed: 15570279013510162442

21 spiderkeys the Conjurer (level 2, 0/19 HPs)
             Began as a Demonspawn Conjurer on Aug 16, 2021.
             Slain by a polar bear (2 damage)
             ... created by the rage of Trog
             ... on level 1 of the Dungeon.
             The game lasted 00:03:44 (890 turns).

spiderkeys the Conjurer (Demonspawn Conjurer)        Turns: 890, Time: 00:03:44

Health: 0/19       AC:  2    Str:  7    XL:     2   Next: 65%
Magic:  5/5        EV: 12    Int: 19    God:
Gold:   65         SH:  0    Dex: 11    Spells: 3/6 levels left

rFire   . . .      SeeInvis .   c - +0 dagger
rCold   . . .      Faith    .   (no shield)
rNeg    . . .      Spirit   .   a - +0 robe
rPois   .          Reflect  .   (no helmet)
rElec   .          Harm     .   (no cloak)
rCorr   .          Rampage  .   (no gloves)
Will    .....                   (no boots)
Stlth   ++........              (no amulet)
HPRegen 0.06/turn               (no ring)
MPRegen 0.18/turn               (no ring)

@: no status effects
A: magic regeneration
a: no special abilities


You were on level 1 of the Dungeon.
You visited 1 branch of the dungeon, and saw 1 of its levels.

You collected 65 gold pieces.


Innate Abilities, Weirdness & Mutations

You regenerate magic rapidly.


   Skills:
 - Level 1.7 Dodging
 - Level 1.7 Stealth
 + Level 2.6 Spellcasting
 + Level 4.4 Conjurations


You had 3 spell levels left.
You knew the following spells:

 Your Spells              Type           Power      Damage    Failure   Level
m - Magic Dart            Conj           76%        1d6       2%          1
s - Searing Ray           Conj           38%        3d4       4%          2

Your spell library contained the following spells:

 Spells                   Type           Power      Damage    Failure   Level
 Dazzling Flash           Conj/Hex       20%        N/A       19%         3
 Fulminant Prism          Conj/Hex       5%         3d7       54%         4
 Iskenderun's Mystic Bla  Conj/Tloc      10%        2d4       54%         4

Inventory:

Hand Weapons
 c - a +0 dagger (weapon)
   (You found it on level 1 of the Dungeon)
Missiles
 b - 2 boomerangs
 d - 45 stones
 g - 15 arrows
Armour
 a - a +0 robe (worn)
Scrolls
 e - a scroll of teleportation {unknown}
 f - 3 scrolls of torment {unknown}
 h - 2 scrolls of identify {unknown}
Potions
 i - a potion of curing {unknown}

Dungeon Overview and Level Annotations

Branches:
Dungeon (1/15)

Altars:
Trog

')+.#.'.'.>.# #......#
###.#.###...# #......#
..#.#.#
##..####......#
#.....# #..#....?....#
####### #....##......#
#........)..#
#..#....hh..# #####
###.......h...# .....
.$.......@....#
##########.##........#
.....................#
##########.##........#
#.##.######## #.##..
##########..##.#
.......##...# .#
.....#....#.# ..


You could see a polar bear (berserk) and 2 black bears.


Message History

Your mp is fully restored (5).
The searing ray hits the goblin!
You kill the goblin! (Press . to maintain the ray.) 😎 MP[-2]
You lost 2 mp, and now have 3/5 mp.
An endoplasm comes into view. 😎 MP[+2]
Your mp is fully restored (5).
An endoplasm is nearby!
The searing ray hits the endoplasm!
You kill the endoplasm! (Press . to maintain the ray.) 😎 MP[-2]
You lost 2 mp, and now have 3/5 mp. 😎 MP[-1]
You lost 1 mp, and now have 2/5 mp.
d - 45 stones (gained 20)
Found a stone staircase leading down. 😎 MP[+3]
Your mp is fully restored (5).
i - a metallic red potion
h - 2 scrolls labelled AMINOSS WIDGHOAKA (gained 1)
A rat comes into view.
A rat is nearby!
A quokka comes into view.
The searing ray hits the rat!
You kill the rat! (Press . to maintain the ray.) 😎 MP[-2]
You lost 2 mp, and now have 3/5 mp.
The searing ray hits the quokka.
You kill the quokka! (Press . to maintain the ray.) 😎 MP[-2]
You lost 2 mp, and now have 1/5 mp.
A kobold comes into view. It is wielding a +0 whip.
The kobold shouts! 😎 MP[+4]
Your mp is fully restored (5).
A kobold is nearby!
A kobold is nearby!
A kobold is nearby!
A kobold is nearby!
A hobgoblin comes into view.
The searing ray misses the kobold. (Press . to maintain the ray.)
The hobgoblin shouts! 😎 MP[-2]
You lost 2 mp, and now have 3/5 mp.
The searing ray hits the kobold.
You kill the kobold! 😎 MP[-1]
You lost 1 mp, and now have 2/5 mp. 😎 MP[-1]
You lost 1 mp, and now have 1/5 mp.
You finish channeling your searing ray.
The hobgoblin hits you but does no damage. 😎 MP[-1]
You lost 1 mp, and now have 0/5 mp.
You hit the hobgoblin. The hobgoblin barely misses you.
You hit the hobgoblin but do no damage.
The hobgoblin closely misses you. 😎 MP[+1]
You barely miss the hobgoblin. The hobgoblin closely misses you.
You closely miss the hobgoblin. The hobgoblin misses you.
You closely miss the hobgoblin. The hobgoblin closely misses you.
You hit the hobgoblin but do no damage. The hobgoblin barely misses you.
You closely miss the hobgoblin. The hobgoblin hits you. 😕 HP[-3] MP[+1]
You take 3 damage, and now have 16/19 hp.
You hit the hobgoblin but do no damage. The hobgoblin misses you.
You hit the hobgoblin but do no damage. The hobgoblin closely misses you.
You closely miss the hobgoblin. The hobgoblin misses you.
You barely miss the hobgoblin. The hobgoblin closely misses you.
You barely miss the hobgoblin. The hobgoblin barely misses you.
Casting: Searing Ray (safe; 4% risk of failure)
Confirm with . or Enter, or press ? or * to list all spells.
Aiming: Searing Ray (safe; 4% risk of failure)
Press: ? - help, Shift-Dir - straight line, f - hobgoblin
Aim: a hobgoblin (78% to hit)
The searing ray hits the hobgoblin!
You kill the hobgoblin! (Press . to maintain the ray.) 😕 MP[-1]
You lost 1 mp, and now have 1/5 mp.
Trog sends monsters to punish you.
A polar bear and 2 black bears come into view. 😕 HP[+2] MP[+4]
You regained 2 hp, and now have 18/19 hp.
Your mp is fully restored (5).
There are monsters nearby!
There are monsters nearby!
There are monsters nearby!
The polar bear bites you!
Ouch! That really hurt!
* * * LOW HITPOINT WARNING * * *
The polar bear claws you.
* * * LOW HITPOINT WARNING * * *
The polar bear claws you.
You die...

Action                   || total
-------------------------++-------
Melee: Dagger            ||    33
 Cast: Magic Dart        ||    12
       Searing Ray       ||     9
Invok: Renounce Religion ||     1
Armor: Robe              ||     5
Dodge: Dodged            ||    31

Levels and vault maps discovered:
D:1:      shiori_arrival_oz, layout_rooms, ebering_ecumenical_altar_rust

Notes
Turn   | Place    | Note
-------+----------+-------------------------------------------
     0 | D:1      | spiderkeys the Demonspawn Conjurer began the quest for the
                  | Orb.
     0 | D:1      | Reached XP level 1. HP: 13/13 MP: 3/3
     0 | D:1      | magus.rc [v1.9.10]
   299 | D:1      | Found a faded altar of an unknown god.
   321 | D:1      | Became a worshipper of Trog the Wrathful
   321 | D:1      | Reached * piety under Trog
   322 | D:1      | Was placed under penance by Trog
   323 | D:1      | Fell from the grace of Trog
   397 | D:1      | HP: 3/13 [dart slug/slug dart (4)]
   403 | D:1      | Gained mutation: You regenerate magic rapidly. [demonic
                  | ancestry]
   403 | D:1      | Reached XP level 2. HP: 5/19 MP: 0/5
   406 | D:1      | Learned a level 2 spell: Searing Ray
   888 | D:1      | Noticed a black bear
   888 | D:1      | Noticed a polar bear
   888 | D:1      | Noticed a black bear
   890 | D:1      | HP: 4/19 [polar bear[the rage of Trog] (14)]
   890 | D:1      | Slain by a polar bear

Vanquished Creatures
  A dart slug (D:1)
  2 bats (D:1)
  An endoplasm (D:1)
  A giant cockroach (D:1)
  2 goblins (D:1)
  2 hobgoblins (D:1)
  3 quokkas (D:1)
  2 kobolds (D:1)
  2 rats (D:1)
16 creatures vanquished.

Table legend:
 A = Non-vault XP
 B = Vault XP
 C = Vault XP percentage of total XP
 D = Non-vault monster count
 E = Vault monster count
 F = Vault count percentage of total count
                 A         B        C        D         E       F
            +---------+---------+-------+---------+---------+-------
      Total |      29 |       2 |   6.5 |      15 |       1 |   6.2
            +---------+---------+-------+---------+---------+-------
        D:1 |      29 |       2 |   6.5 |      15 |       1 |   6.2
            +---------+---------+-------+---------+---------+-------

Illustrated notes

Table legend:
 A = Kills in this place as a percentage of kills in entire the game.
 B = Kills by you in this place as a percentage of kills by you in the entire game.
 C = Kills by friends in this place as a percentage of kills by friends in the entire game.
 D = Other kills in this place as a percentage of other kills in the entire game.
 E = Experience gained in this place as a percentage of experience gained in the entire game.
 F = Experience gained in this place divided by the number of levels of this place that you have seen.
                   A       B       C       D       E      F
               +-------+-------+-------+-------+-------+----------------------
         Total | 100.0 | 100.0 |   N/A |   N/A | 100.0 |  31.0
       Dungeon | 100.0 | 100.0 |   N/A |   N/A | 100.0 |  31.0
               +-------+-------+-------+-------+-------+----------------------

Table legend: (Time is in decaauts)
 A = Elapsed time spent in this place.
 B = Non-inter-level travel time spent in this place.
 C = Inter-level travel time spent in this place.
 D = Time resting spent in this place.
 E = Time spent auto-exploring this place.
 F = Levels seen in this place.
 G = Mean time per level.
                   A        B        C        D        E       F      G
               +--------+--------+--------+--------+--------+-----+--------+
         Total |    889 |    879 |     10 |     23 |    730 |   1 |  889.0 |
       Dungeon |    889 |    879 |     10 |     23 |    730 |   1 |  889.0 |
               +--------+--------+--------+--------+--------+-----+--------+

Top non-repeatable levels by time:
     D:1: 889 daAuts
